 Dungeon Crawl Stone Soup version 0.17.0-24-gcfadda4 (console) character file.

358 Kloppie the Gusty (level 6, -9/41 HPs)
             Began as a High Elf Air Elementalist on Nov 15, 2015.
             Mangled by a gnoll
             ... wielding a +2 flail of protection
              (13 damage)
             ... on level 4 of the Dungeon.
             The game lasted 00:14:23 (4273 turns).

Kloppie the Gusty (High Elf Air Elementalist)       Turns: 4273, Time: 00:14:23

Health: -9/41      AC:  2    Str:  7    XL:     6   Next: 37%
Magic:  7/10       EV: 18    Int: 21    God:
Gold:   228        SH:  0    Dex: 21    Spells: 4 memorised, 2 levels left

rFire  . . .     SeeInvis .     i - +2 mace (venom)
rCold  . . .     Clarity  .     a - +0 robe
rNeg   . . .     SustAt   .     (no shield)
rPois  .         Gourm    .     (no helmet)
rElec  .         Spirit   .     (no cloak)
rCorr  .         Warding  .     (no gloves)
rMut   .         Stasis   .     (no boots)
MR     .....                    (no amulet)
Stlth  +++.......               (no ring)
                                (no ring)

@: agile, repel missiles, not resistant to hostile enchantments, fairly stealthy
A: no striking features
a: no special abilities


You were on level 4 of the Dungeon.
You were hungry.

You visited 1 branch of the dungeon, and saw 4 of its levels.

You collected 228 gold pieces.

Inventory:

Hand Weapons
 i - a +2 mace of venom (weapon)
 v - a +0 falchion
Armour
 a - a +0 robe (worn)
 q - a cursed +0 buckler
 r - a +0 buckler
Jewellery
 p - an uncursed amulet of guardian spirit
Scrolls
 d - a scroll of magic mapping
 e - a scroll of immolation {unknown}
 n - a scroll of fear {unknown}
 s - a scroll of enchant weapon {unknown}
 u - a scroll of random uselessness {unknown}
Potions
 h - 2 potions of haste
 k - a potion of degeneration {unknown}
 l - a potion of cure mutation {unknown}
 m - 3 potions of brilliance {unknown}
 o - a potion of curing {unknown}
 t - 3 potions of heal wounds {unknown}
Books
 b - a book of Air

   Spells                             Type                      Level
   a - Shock                          Conjuration/Air              1
   b - Swiftness                      Charms/Air                   2
   c - Repel Missiles                 Charms/Air                   2
   d - Static Discharge               Conjuration/Air              3
   e - Lightning Bolt                 Conjuration/Air              5
 w - a book of Fire

   Spells                             Type                      Level
   a - Ignite Poison                  Fire/Transmutation/Poison    3
   b - Fireball                       Conjuration/Fire             5
   c - Bolt of Fire                   Conjuration/Fire             6
   d - Delayed Fireball               Conjuration/Fire             7
   e - Ring of Flames                 Charms/Fire                  7
Comestibles
 c - 4 bread rations
 f - 2 beef jerkies
 j - 2 meat rations


   Skills:
 + Level 2.6 Fighting
 - Level 2.1 Dodging
 - Level 2.1 Stealth
 + Level 2.6 Spellcasting
 - Level 3.9 Conjurations
 - Level 2.0 Charms
 + Level 6.0 Air Magic


You had 2 spell levels left.
You knew the following spells:

 Your Spells              Type           Power        Failure   Level  Hunger
a - Shock                 Conj/Air       ###.         1%          1    None
b - Swiftness             Chrm/Air       ###.....     4%          2    ##.....
c - Static Discharge      Conj/Air       ###.....     6%          3    ###....
d - Repel Missiles        Chrm/Air       ###...       4%          2    ##.....


Dungeon Overview and Level Annotations

Branches:
Dungeon (4/15)
 Temple: D:4-7

Altars:
Dithmenos

Annotations:
D:4 Vex's ghost, amateur MiFi


Message History

a bolt; a stone The big kobold shoots a bolt.
The bolt misses you.
There is an open door here.
You see here 18 stones.
You see here a bolt.
You feel sluggish.
You start to feel a little faster.
The big kobold shoots a bolt.
The bolt completely misses you.
You see here a bolt.
The gnoll hits you with a flail of protection.
* * * LOW HITPOINT WARNING * * *
You no longer feel sluggish.
There is an open door here.
Read which item? (? for menu, Esc to quit)
Okay, then.
You see here a stone.
Drink which item? (? for menu, Esc to quit)
You feel agile all of a sudden.
The gnoll hits you with a flail of protection!
You die...

#....#.......#.....#
#...(#......))......
##....#########......
#......#.(..).).(.)..
+....).'...(K........
#......#............)
##...K#########......
#..g.# +...... #..@.#
#.....#
######''################
≈≈≈≈≈....≈≈≈≈≈≈≈≈≈≈≈≈≈≈≈
≈≈≈≈≈....≈≈≈≈≈≈≈≈≈≈≈≈≈≈≈
≈≈≈≈......≈≈≈≈≈≈≈≈≈≈≈≈≈≈
≈.≈≈≈......≈≈≈≈≈≈≈.≈..≈≈
........................
........................
#.#...........##.#...###


You could see a big kobold and a gnoll.

Vanquished Creatures
  Menkaure (D:4)
  A hound (D:4)
  An orc wizard (D:3)
  A worker ant (D:3)
  Robin (D:4)
  3 adders
  3 worms
  7 giant geckos
  7 orcs
  4 bats
  4 giant cockroaches
  18 goblins
  9 hobgoblins
  2 jackals (D:3)
  2 ball pythons
  3 giant newts
  24 kobolds
  7 rats
98 creatures vanquished.

Notes
Turn   | Place    | Note
--------------------------------------------------------------
     0 | D:1      | Kloppie the High Elf Air Elementalist began the quest for the Orb.
     0 | D:1      | Reached XP level 1. HP: 11/11 MP: 4/4
   482 | D:1      | Reached skill level 4 in Air Magic
   523 | D:1      | Reached XP level 2. HP: 17/17 MP: 1/6
   574 | D:1      | Learned a level 2 spell: Swiftness
   879 | D:1      | Reached skill level 1 in Charms
  1447 | D:2      | Reached XP level 3. HP: 18/21 MP: 1/7
  1514 | D:2      | Learned a level 3 spell: Static Discharge
  2629 | D:3      | Found a shadowy altar of Dithmenos.
  2664 | D:3      | Reached XP level 4. HP: 19/27 MP: 2/8
  2998 | D:3      | Reached skill level 1 in Fighting
  3129 | D:3      | Reached skill level 5 in Air Magic
  3129 | D:3      | Reached XP level 5. HP: 24/33 MP: 0/9
  3490 | D:4      | Learned a level 2 spell: Repel Missiles
  3507 | D:4      | Noticed Robin
  3511 | D:4      | Killed Robin
  3626 | D:4      | Noticed Vex's ghost (amateur MiFi)
  3781 | D:4      | Noticed Menkaure
  3789 | D:4      | Killed Menkaure
  3789 | D:4      | Reached XP level 6. HP: 24/41 MP: 1/10
  4172 | D:4      | Reached skill level 6 in Air Magic
  4273 | D:4      | Mangled by a gnoll

Action                   |  1- 3 |  4- 6 || total
-------------------------+-------+-------++-------
Melee: Short sword       |    10 |       ||    10
       Mace              |     9 |    32 ||    41
 Cast: Shock             |    78 |    68 ||   146
       Static Discharge  |       |     2 ||     2
       Repel Missiles    |       |     1 ||     1
       Swiftness         |       |     1 ||     1
  Use: Scroll            |     4 |       ||     4
       Potion            |       |     1 ||     1
 Stab: Sleeping          |     2 |       ||     2
  Eat: Chunk             |     6 |     4 ||    10
